 Dungeon Crawl Stone Soup version 0.23.2-1-ga50397a (webtiles) character file.

Game seed: 2360389087020680116

1365 xveg the Bolt Thrower (level 8, -1/69 HPs)
             Began as a Deep Dwarf Hunter on May 15, 2019.
             Was an Initiate of Makhleb.
             Slain by a gnoll
             ... wielding a +0 halberd
              (5 damage)
             ... on level 6 of the Dungeon.
             The game lasted 00:13:19 (4255 turns).

xveg the Bolt Thrower (Deep Dwarf Hunter)           Turns: 4255, Time: 00:13:20

Health: -1/69      AC: 15    Str: 17    XL:     8   Next: 38%
Magic:  6/6        EV:  8    Int: 13    God:    Makhleb [......]
Gold:   246        SH:  4    Dex: 13    Spells: 7/7 levels left

rFire    . . .     SeeInvis .   a - +1 hand axe (flame)
rCold    . . .     Gourm    .   y - +0 buckler
rNeg     . . .     Faith    .   u - +0 chain mail
rPois    .         Spirit   .   x - +0 helmet
rElec    .         Reflect  .   (no cloak)
rCorr    .         Harm     .   (no gloves)
MR       +....                  E - +1 pair of boots
Stlth    ..........             (no amulet)
HPRegen  0.00/turn              n - +2 ring of protection
MPRegen  0.10/turn              (no ring)

@: non-regenerating
A: damage resistance, heal wounds, sense surroundings 1, no regeneration
a: Heal Wounds, Renounce Religion


You were on level 6 of the Dungeon.
You worshipped Makhleb.
Makhleb was noncommittal.
You were not hungry.

You visited 2 branches of the dungeon, and saw 7 of its levels.

You collected 246 gold pieces.

Inventory:

Hand Weapons
 a - a +1 hand axe of flaming (weapon)
 b - a +1 hand crossbow
 s - a +0 short sword
Missiles
 t - 32 sling bullets
Armour
 c - a +0 leather armour
 u - a +0 chain mail (worn)
 x - a +0 helmet (worn)
 y - a +0 buckler (worn)
 E - a +1 pair of boots (worn)
Jewellery
 n - a +2 ring of protection (left hand)
Wands
 D - a wand of iceblast (10)
Scrolls
 e - a scroll of enchant armour {unknown}
 g - a scroll of fear {unknown}
 h - a scroll of blinking {unknown}
 j - a scroll of noise {unknown}
 k - a scroll of random uselessness {unknown}
 m - 8 scrolls of identify {unknown}
 o - a scroll of immolation {unknown}
 v - a scroll of teleportation {unknown}
 z - 2 scrolls of amnesia {unknown}
Potions
 d - a potion of brilliance {unknown}
 i - 2 potions of lignification {unknown}
 l - a potion of mutation {unknown}
 p - 2 potions of berserk rage {unknown}
 q - 4 potions of ambrosia {unknown}
 r - 2 potions of curing {unknown}
 w - a potion of resistance {unknown}
 A - a potion of heal wounds {unknown}
 B - a potion of haste {unknown}
 F - a potion of cancellation {unknown}
Comestibles
 f - 7 rations


   Skills:
 + Level 3.4 Fighting
 + Level 0.2 Short Blades
 + Level 4.3 Axes
 * Level 7.9 Crossbows
 * Level 5.0 Armour
 * Level 4.8 Dodging
 - Level 1.2 Stealth
 + Level 1.3 Shields


You had 7 spell levels left.
You didn't know any spells.
Your spell library was empty.

Dungeon Overview and Level Annotations

Branches:
Dungeon (6/15)             Temple (1/1) D:5

Altars:
Ashenzari
Cheibriados
Dithmenos
Elyvilon
Gozag
Hepliaklqana
Kikubaaqudgha
Makhleb
Nemelex Xobeh
Okawaru
Qazlal
Ru
Sif Muna
Trog
Uskayaw
Vehumet
Wu Jian
Xom
Zin
The Shining One

Annotations:
D:5 3 runed translucent doors, MalarOregon's ghost, novice MfGl


Innate Abilities, Weirdness & Mutations

You are resistant to damage.
You can heal yourself by infusing magical energy.
You passively map a small area around you.
You do not regenerate.


Message History

You block the ice beast's attack.
The gnoll hits you from afar with a +0 halberd.
You hit the ice beast.
You melt the ice beast.
You kill the ice beast!
Makhleb accepts your kill.
Your Armour skill increases to level 5!
The gnoll hits you with a +0 halberd!
* * * LOW HITPOINT WARNING * * *
The gnoll hits you but does no damage.
You closely miss the gnoll. The gnoll closely misses you.
The gnoll hits you but does no damage.
You hit the gnoll. You burn the gnoll.
The gnoll is moderately wounded.
The gnoll hits you with a +0 halberd!
* * * LOW HITPOINT WARNING * * *
You block the gnoll's attack.
Your shield and chain mail prevent you from hitting the gnoll.
The gnoll is moderately wounded.
The gnoll completely misses you. The gnoll hits you with a +0 halberd!
You die...

###########
###.........#########
............gggg@...#
............l######.#*
......#.####.# ,..
......#.# #.# , #.#
......#.# #.. ,,,, * #
.....(#.# ###. ,*,
..g...### .# *, *
......# #, * ,


You could see an iguana and 4 gnolls.

Vanquished Creatures
  Eustachio (D:4)
  2 ice beasts
  A phantom (D:4)
  5 scorpions
  A howler monkey (D:4)
  2 crimson imps
  A jelly (D:5)
  A bullfrog zombie (D:5)
  A hound (D:5)
  An orc wizard (D:5)
  3 orc priests
  An iguana (D:5)
  Ijyb (D:5)
  Terence (D:2)
  3 worker ants
  10 adders
  A shadow imp (D:5)
  An ooze (D:2)
  3 worms
  A dart slug (D:4)
  2 leopard geckos
  20 orcs
  6 bats
  6 giant cockroaches
  11 goblins
  10 hobgoblins
  4 jackals (D:4)
  8 kobolds
  A quokka (D:2)
  2 ball pythons (D:1)
  4 frilled lizards
  A leopard gecko skeleton (D:5)
  7 rats
123 creatures vanquished.

Notes
Turn   | Place    | Note
-------+----------+-------------------------------------------
     0 | D:1      | xveg the Deep Dwarf Hunter began the quest for the Orb.
     0 | D:1      | Reached XP level 1. HP: 19/19 MP: 1/1
    63 | D:1      | Reached XP level 2. HP: 26/26 MP: 2/2
   597 | D:2      | Reached skill level 5 in Crossbows
   609 | D:2      | Reached XP level 3. HP: 32/32 MP: 3/3
   808 | D:2      | Noticed Terence
   814 | D:2      | Killed Terence
   814 | D:2      | Reached skill level 1 in Armour
   814 | D:2      | Reached XP level 4. HP: 34/39 MP: 4/4
   943 | D:2      | Found an ornate altar of the Wu Jian Council.
   943 | D:2      | Found a sacrificial altar of Ru.
  1368 | D:3      | Reached skill level 6 in Crossbows
  1432 | D:3      | Reached XP level 5. HP: 18/45 MP: 5/5
  1572 | D:3      | Found a faded altar of an unknown god.
  1579 | D:3      | HP: 2/45 [orc/+0 trident (7)]
  1867 | D:3      | Found a shattered altar of Ashenzari.
  2020 | D:4      | Reached XP level 6. HP: 9/55 MP: 5/5
  2047 | D:4      | Reached skill level 7 in Crossbows
  2137 | D:4      | Found an iron altar of Okawaru.
  2224 | D:4      | Reached skill level 1 in Axes
  2342 | D:4      | Noticed Eustachio
  2371 | D:4      | Killed Eustachio
  2371 | D:4      | Reached XP level 7. HP: 11/61 MP: 6/6
  2377 | D:4      | Noticed a +0 dagger
  2377 | D:4      | Noticed a +0 dagger
  2381 | D:4      | Found a hide-covered altar of Uskayaw.
  2691 | D:4      | Found a bloodstained altar of Trog.
  2940 | D:5      | Entered Level 5 of the Dungeon
  3044 | D:5      | Found a staircase to the Ecumenical Temple.
  3049 | Temple   | Entered the Ecumenical Temple
  3300 | Temple   | Became a worshipper of Makhleb the Destroyer
  3343 | D:5      | Noticed Ijyb
  3388 | D:5      | Killed Ijyb
  3523 | D:5      | Reached skill level 1 in Shields
  3609 | D:5      | Reached XP level 8. HP: 27/69 MP: 6/6
  3841 | D:5      | Found a runed translucent gate.
  3860 | D:5      | Found a runed translucent gate.
  3860 | D:5      | Found a runed translucent gate.
  3861 | D:5      | Noticed MalarOregon's ghost (novice MfGl)
  4055 | D:5      | Found a deep blue altar of Sif Muna.
  4251 | D:6      | Reached skill level 5 in Armour
  4255 | D:6      | Slain by a gnoll

Skill      XL: |  1  2  3  4  5  6  7  8 |
---------------+-------------------------+-----
Crossbows      | 5 6 7 |  7.9
Fighting       | 2 3 |  3.4
Armour         | 1 2 4 5 |  5.0
Dodging        | 3 4 |  4.8
Axes           | 2 3 4 |  4.3
Shields        | 1 |  1.3
Short Blades   | |  0.2
Stealth        | |  1.2

Action                   |  1- 3 |  4- 6 |  7- 9 || total
-------------------------+-------+-------+-------++-------
Melee: Short sword       |     2 |    41 |       ||    43
       Hand axe          |       |    98 |   360 ||   458
 Fire: Hand crossbow     |    72 |    85 |     6 ||   163
 Abil: Heal Wounds       |       |     3 |     6 ||     9
  Eat: Chunk             |       |     1 |     4 ||     5
       Ration            |       |     2 |       ||     2
Armor: Leather armour    |     6 |    19 |       ||    25
       Chain mail        |       |    87 |   211 ||   298
Dodge: Dodged            |    14 |   181 |   124 ||   319
Block: Buckler           |       |    21 |    43 ||    64
